 Dungeon Crawl Stone Soup version 0.26-a0-665-gefeb406119 (webtiles) character file.

Game seed: 7050666918157884472

399907 miscthings the Unseen (level 24, -7/156 HPs)
             Began as a Kobold Delver on Oct 16, 2020.
             Was the Champion of Dithmenos.
             Mangled by Jory
             ... wielding a +1 great sword
              (35 damage)
             ... on level 4 of the Vaults.
             The game lasted 02:37:25 (49254 turns).

miscthings the Unseen (Kobold Delver)              Turns: 49254, Time: 02:37:26

Health: -7/156     AC: 20    Str: 17 (18) XL:     24   Next: 1%
Magic:  35/35      EV: 28    Int: 18      God:    Dithmenos [******]
Gold:   2950       SH: 16    Dex: 20      Spells: 31/39 levels left

rFire    + + .     SeeInvis +   a - +8 hand crossbow of Extremism {freeze, Str+4 Dex+2}
rCold    + + +     Faith    .   D - +3 buckler
rNeg     . . .     Spirit   .   W - +1 ring mail "Lyssacew" {rF++ rC++ Str+2}
rPois    .         Reflect  +   S - +2 hat {SInv}
rElec    +         Harm     .   m - scarf {repulsion}
rCorr    .         Rampage  .   i - +0 pair of gloves of Uraus {*Contam rElec rC++ Regen+} (curse)
MR       +....                  M - +2 pair of boots
Stlth    ++++++++++             v - amulet of reflection
HPRegen  0.76/turn              p - +4 ring of protection
MPRegen  0.24/turn              R - +4 ring of slaying

@: mesmerised, wreathed by umbra, studying Shields, repel missiles
A: small, rugged brown scales 1, deterioration 1, nightstalker 3, shaggy fur 1
}: 3/15 runes: decaying, serpentine, abyssal
a: Shadow Step, Shadow Form, Renounce Religion


You were on level 4 of the Vaults.
You worshipped Dithmenos.
Dithmenos was exalted by your worship.
You visited 8 branches of the dungeon, and saw 39 of its levels.
You visited the Abyss 2 times.

You collected 7435 gold pieces.
You spent 4485 gold pieces at shops.

Inventory:

Hand Weapons
 a - the +8 hand crossbow of Extremism (weapon) {freeze, Str+4 Dex+2}
   (You found it on level 3 of the Elven Halls)

   It causes projectiles fired from it to freeze those they strike, causing
   extra injury to most foes and up to half again as much damage against
   particularly susceptible opponents.
   They can also slow down cold-blooded creatures.
   It affects your strength (+4).
   It affects your dexterity (+2).
 w - the +7 dagger "Anwakal" {vorpal, rC+}
   (You bought it in a shop on level 4 of the Snake Pit)

   It inflicts extra damage upon your enemies.
   It protects you from cold.
Missiles
 I - 703 bolts (quivered)
 Q - 9 atropa-tipped darts
 V - 9 curare-tipped darts
Armour
 i - the cursed +0 pair of gloves of Uraus (worn) {*Contam rElec rC++ Regen+}
   (You found it on level 3 of the Elven Halls)

   It greatly protects you from cold.
   It insulates you from electricity.
   It causes magical contamination when unequipped.
   It increases your rate of regeneration.
   It has a curse placed upon it.
 m - a scarf of repulsion (worn)
 D - a +3 buckler (worn)
 M - a +2 pair of boots (worn)
 S - a +2 hat of see invisible (worn)
 W - the +1 ring mail "Lyssacew" (worn) {rF++ rC++ Str+2}
   (You bought it in a shop on level 3 of the Snake Pit)

   It affects your strength (+2).
   It greatly protects you from fire.
   It greatly protects you from cold.
Jewellery
 j - an uncursed ring of resist corrosion
 p - a +4 ring of protection (left hand)
 v - an amulet of reflection (around neck)
 B - an uncursed ring of protection from cold
 R - a +4 ring of slaying (right hand)
Wands
 g - a wand of digging (9)
 A - a wand of iceblast (17)
 C - a wand of acid (4)
 H - a wand of paralysis (16)
 Y - a wand of flame (49)
 Z - a wand of enslavement (11)
Scrolls
 c - 2 scrolls of fog
 d - 12 scrolls of magic mapping
 e - 2 scrolls of silence
 o - 4 scrolls of fear
 q - 3 scrolls of summoning
 r - 4 scrolls of teleportation
 x - 9 scrolls of blinking
 E - 2 scrolls of immolation
 F - 5 scrolls of vulnerability
 J - 4 scrolls of amnesia
 N - 17 scrolls of identify {@r1}
 O - 11 scrolls of remove curse
Potions
 f - 7 potions of haste
 h - 8 potions of curing
 l - 9 potions of brilliance
 n - 2 potions of heal wounds
 s - 4 potions of might
 t - 3 potions of flight
 y - 2 potions of mutation
 z - 7 potions of lignification
 G - 3 potions of resistance
 K - 6 potions of magic
 P - 9 potions of stabbing
 T - a potion of invisibility
 X - 2 potions of cancellation
Books
 L - a manual of Shields
Miscellaneous
 b - a phantom mirror
 k - a condenser vane (1/2)
 u - a lightning rod (inert)
 U - a box of beasts (3/3)


   Skills:
 + Level 16.2 Fighting
 - Level 12.0 Short Blades
   Level 2.1 Axes
 - Level 18.5 Crossbows
 - Level 5.0 Throwing
 - Level 7.2 Armour
 + Level 17.3 Dodging
 + Level 20.6 Stealth
 - Level 10.0 Shields
 + Level 8.1 Spellcasting
 - Level 7.9 Hexes
 + Level 0.8 Necromancy
 - Level 7.9 Translocations
 + Level 0.9 Earth Magic
 - Level 14.0 Invocations
 - Level 15.0 Evocations


You had 31 spell levels left.
You knew the following spells:

 Your Spells              Type           Power        Failure   Level
a - Portal Projectile     Hex/Tloc       #####.       1%          3
b - Borgnjor's Vile Clut  Necr/Erth      ##........   97%         5

Your spell library contained the following spells:

 Spells                   Type           Power        Failure   Level
 Apportation              Tloc           #####.       1%          1
 Corona                   Hex            #####..      1%          1
 Slow                     Hex            #####...     1%          2
 Confusing Touch          Hex            #####...     1%          3
 Gell's Gravitas          Tloc           #####.....   1%          3
 Lesser Beckoning         Tloc           #####.....   1%          3
 Tukima's Dance           Hex            #####...     1%          3
 Ensorcelled Hibernation  Hex/Ice        ###...       4%          2
 Cause Fear               Hex            #####.....   6%          4
 Dazzling Flash           Conj/Hex       ###...       10%         3
 Inner Flame              Hex/Fire       ###.....     10%         3
 Summon Guardian Golem    Hex/Summ       ###.....     10%         3
 Sandblast                Erth           ##....       11%         1
 Foxfire                  Conj/Fire      #...         16%         1
 Freeze                   Ice            #...         16%         1
 Magic Dart               Conj           #...         16%         1
 Shock                    Conj/Air       #...         16%         1
 Summon Small Mammal      Summ           #...         16%         1
 Passwall                 Tmut/Erth      #.......     21%         2
 Call Imp                 Summ           #.......     24%         2
 Searing Ray              Conj           #.....       24%         2
 Swiftness                Air            #.......     24%         2
 Leda's Liquefaction      Hex/Erth       ###.......   26%         4
 Fulminant Prism          Conj/Hex       ###.......   30%         4
 Iskenderun's Mystic Bla  Conj/Tloc      ###.....     30%         4
 Stone Arrow              Conj/Erth      #.....       38%         3
 Call Canine Familiar     Summ           #.......     43%         3
 Conjure Flame            Conj/Fire      #.......     43%         3
 Frozen Ramparts          Ice            #.....       43%         3
 Mephitic Cloud           Conj/Pois/Air  #.......     43%         3
 Ozocubu's Armour         Ice            #.......     43%         3
 Static Discharge         Conj/Air       #.......     43%         3
 Metabolic Englaciation   Hex/Ice        ###.......   65%         5
 Silence                  Hex/Air        ###.......   65%         5
 Yara's Violent Unravell  Hex/Tmut       ###.......   65%         5
 Dispersal                Tloc           #####.....   67%         6
 Invisibility             Hex            #####...     67%         6
 Animate Dead             Necr           ##........   75%         4
 Petrify                  Tmut/Erth      #.......     80%         4
 Airstrike                Air            #.........   85%         4
 Hailstorm                Conj/Ice       #.......     85%         4
 Sticky Flame             Conj/Fire      #.......     85%         4
 Summon Ice Beast         Ice/Summ       #.......     85%         4
 Summon Lightning Spire   Summ/Air       #.......     85%         4
 Lee's Rapid Deconstruct  Erth           ##........   97%         5
 Alistair's Intoxication  Tmut/Pois      #........    99%         5
 Fireball                 Conj/Fire      #.........   99%         5
 Lightning Bolt           Conj/Air       #.........   99%         5
 Death Channel            Necr           ##........   100%        6
 Shadow Creatures         Summ           N/A          100%        6
 Simulacrum               Ice/Necr       #.........   100%        6
 Spellforged Servitor     Conj/Summ      #.........   100%        7
 Discord                  Hex            #####.....   100%        8
 Disjunction              Tloc           #####.....   100%        8


Dungeon Overview and Level Annotations

Branches:
Dungeon (15/15)            Temple (1/1) D:5            Lair (6/6) D:8
  Swamp (4/4) Lair:3        Snake (4/4) Lair:3        Slime (0/5) Lair:6
    Orc (2/2) D:10            Elf (3/3) Orc:2        Vaults (4/5) D:14
  Crypt (0/3) Vaults:3     Depths (0/5) D:15

Altars:
Ashenzari
Cheibriados
Dithmenos
Elyvilon
Fedhas
Gozag
Hepliaklqana
Makhleb
Okawaru
Ru
Sif Muna
Uskayaw
Vehumet
Wu Jian
Xom
Yredelemnul
Zin
The Shining One
Beogh
Lugonu

Shops:
D:7 (   Orc:2 =((?   Elf:2 ?   Elf:3 *   Snake:2 ?[:[   Snake:3 (!?[
Snake:4 !(   Vaults:2 ?   Vaults:4 [

Annotations:
Vaults:4 Jory


Innate Abilities, Weirdness & Mutations

You are small and have problems with some larger weapons.
You are completely attuned to the shadows.
You are partially covered in rugged brown scales. (AC +1, +3% HP)
Your body sometimes deteriorates upon taking damage.
You are covered in fur. (AC +1)


Message History

Firing (i - inventory. (/) - cycle)
I - 704 bolts (quivered)
Press: ? - help, Shift-Dir - straight line, f/p - Jory
Aim: Jory, wielding a +1 great sword and wearing a +0 chain mail (flame, severely damaged, mesmerising, umbra)
You shoot a bolt. The bolt hits Jory!
Jory is severely damaged.
Your shadow shoots a bolt.
The bolt hits Jory.
The bolt disappears in a puff of smoke!
Jory is engulfed in blazing flames.
Jory is infused with unholy energy.
* * * LOW HITPOINT WARNING * * *
You emit a cloud of dark smoke.
Jory draws life force from you and is healed!
You feel much better.
Jory is engulfed in blazing flames.
Jory is infused with unholy energy.
* * * LOW HITPOINT WARNING * * *
You emit a cloud of dark smoke.
Jory draws life force from you and is healed!
You cannot move away from Jory!
You feel much better.
Jory is engulfed in blazing flames.
Jory hits you with a +1 great sword!!
You die...

....#.....#....#.#....#
#####.....#.###)..###.#
#.....#..#...[.#..#
#.....#.###.))###.#
(.#.....#....#.#).).#
..#....)#....###....#
.§§§...#....#.#....#
.#V§§).#.........:.#
#§@§).#############
#§§§..# #.§§..# #.....#
#.....#


You could see Jory (mesmerising).

Vanquished Creatures
  the Lernaean hydra (Swamp:4)
  Jorgrun (D:13)
  Rupert (Lair:4)
  2 titans (Vaults:3)
  A tentacled monstrosity (Vaults:3)
  2 deep elf blademasters
  Frances (Snake:1)
  A tentacled starspawn (Abyss:3)
  Gastronok (Lair:1)
  A tengu reaver (Vaults:3)
  9 nagarajas (Snake:4)
  Donald (Snake:3)
  2 storm dragons
  2 fire giants
  A frost giant (Vaults:3)
  3 deep elf sorcerers
  Louise (Snake:2)
  An orc warlord (Orc:1)
  6 deep elf elementalists (Elf:3)
  7 vault wardens
  14 ironheart preservers
  6 stone giants
  An entropy weaver (Vaults:1)
  3 very ugly things
  2 deep elf demonologists (Elf:3)
  8 deep elf annihilators
  Snorg (Lair:4)
  9 ettins
  2 deep elf death magi (Elf:3)
  3 fire dragons
  2 deep elf high priests (Elf:3)
  6 ogre magi
  4 rakshasas
  6 yaktaur captains
  4 ice dragons
  15 hydras
  2 shambling mangroves
  3 great orbs of eyes
  8 naga warriors
  2 catoblepae
  3 starcursed masses (Abyss:3)
  13 boulder beetles
  A death knight (Vaults:1)
  Harold (Lair:2)
  6 centaur warriors
  6 vault guards
  25 anacondas
  6 alligators
  21 two-headed ogres
  30 dancing weapons
  A deep troll earth mage (Vaults:4)
  5 hell hogs (Abyss:3)
  7 death yaks
  8 naga sharpshooters
  A deep troll shaman (Vaults:1)
  6 thrashing horrors
  A shock serpent (shapeshifter) (Vaults:4)
  8 shock serpents
  An orc high priest (Orc:2)
  19 deep elf knights
  10 skeletal warriors
  3 wretched stars
  A sixfirhy (Abyss:3)
  3 shadow wraiths
  2 salamander mystics
  2 unseen horrors (Vaults:1)
  2 sea snakes
  2 flayed ghosts (Abyss:3)
  2 glowing orange brains (Vaults:2)
  14 naga ritualists
  An unseen horror (shapeshifter) (Vaults:2)
  A spriggan druid (Swamp:3)
  16 deep trolls
  5 wizards
  6 orc knights
  A tengu zombie (Vaults:3)
  An orb spider (shapeshifter) (D:14)
  8 deep elf archers
  6 harpies
  17 ironbrand convokers
  9 swamp dragons
  6 necromancers
  28 ugly things
  8 mana vipers
  8 orc sorcerers
  5 wolf spiders
  61 deep elf magi
  An oklob plant (Lair:6)
  2 manticores
  9 salamanders
  8 cyclopes
  5 human skeletons
  A black mamba (shapeshifter) (D:11)
  16 elephants
  A rust devil (D:7)
  7 vault sentinels
  40 black mambas
  13 naga magi
  2 cane toads (shapeshifter) (Vaults:1)
  3 torpor snails
  14 guardian serpents
  A gargoyle (D:12)
  A stone giant skeleton (Vaults:2)
  3 smoke demons
  A yaktaur zombie (Vaults:3)
  A shock serpent skeleton (Abyss:2)
  19 cane toads
  3 rime drakes
  A rime drake (shapeshifter) (Vaults:2)
  4 freezing wraiths
  A demonic crawler (Abyss:2)
  15 komodo dragons
  Maggie (D:7)
  2 efreet
  A yaktaur (shapeshifter) (Vaults:4)
  23 yaktaurs
  A silent spectre (Abyss:3)
  A queen bee (D:13)
  3 meliai (D:13)
  A meliai (shapeshifter) (Vaults:1)
  8 trolls
  2 hornets (shapeshifter)
  3 raiju (Abyss:3)
  13 hornets
  A polar bear (Lair:3)
  5 tyrant leeches
  32 slime creatures
  6 bog bodies
  29 blink frogs
  An ettin zombie (Vaults:3)
  9 dream sheep
  2 human simulacra
  2 redbacks (Lair:6)
  3 water elementals
  A centaur simulacrum (D:15)
  3 shadows
  2 flying skulls (Abyss:3)
  A shapeshifter (Vaults:1)
  A meliai zombie (D:13)
  An ettin skeleton (Vaults:3)
  2 wraiths
  A ynoxinul (Abyss:3)
  18 wyverns
  A vampire (D:13)
  4 air elementals
  7 large abominations
  58 yaks
  5 spriggans
  A hog (shapeshifter) (Vaults:1)
  20 humans (D:14)
  A neqoxec (Abyss:3)
  10 basilisks
  A chaos spawn (Abyss:3)
  3 steam dragons (Lair:6)
  2 fire elementals (Elf:2)
  10 vampire mosquitoes
  9 insubstantial wisps
  2 acid dragons (Lair:6)
  42 nagas
  4 wargs
  A soldier ant (D:11)
  A floating eye (Abyss:3)
  10 swamp worms
  25 water moccasins
  Duvessa (D:4)
  7 swamp drakes
  2 human zombies (Vaults:3)
  4 ice beasts
  3 black bears
  10 sky beasts
  2 eyes of draining
  33 orc warriors
  3 necrophages
  A black bear (shapeshifter) (Vaults:3)
  5 boggarts
  14 centaurs
  4 phantoms
  14 wolves
  28 ogres
  An orc skeleton (Vaults:2)
  29 bullfrogs
  6 big kobolds
  A gnoll sergeant (D:10)
  5 earth elementals
  A water moccasin zombie (D:10)
  A wyvern skeleton (D:14)
  5 small abominations
  3 scorpions
  17 killer bees
  9 wights
  6 electric eels
  13 howler monkeys
  2 centaur zombies
  15 jellies
  10 hounds
  30 orc priests
  An iron imp (Abyss:3)
  4 centaur skeletons
  A bullfrog skeleton (D:11)
  35 orc wizards
  Natasha (D:3)
  8 iguanas
  4 hell rats (Lair:3)
  10 worker ants
  A hound skeleton (D:4)
  A worker ant zombie (D:5)
  Robin (D:4)
  5 gnolls (D:10)
  18 adders
  6 shadow imps
  6 white imps
  5 ufetubi
  3 oozes (Lair:6)
  An adder zombie (D:9)
  2 worms
  3 dart slugs
  7 leopard geckos
  91 orcs
  5 bats
  6 giant cockroaches
  15 goblins
  11 hobgoblins
  16 jackals
  18 kobolds
  5 quokkas
  A ball python (D:2)
  6 frilled lizards
  3 jackal skeletons
  A leopard gecko skeleton (D:5)
  A quokka skeleton (D:4)
  3 rats
  A crawling corpse (Elf:3)
  A lurking horror (Abyss:3)
  A starspawn tentacle (Abyss:3)
1704 creatures vanquished.

Vanquished Creatures (collateral kills)
  Asterion (Elf:3)
  The ghost of Zonian the Severer, an adept HOFi of Beogh (Snake:4)
  A deep elf master archer (Elf:3)
  2 vault wardens
  2 deep elf elementalists (Elf:3)
  A deep elf sorcerer (Elf:3)
  A very ugly thing (Vaults:1)
  2 deep elf demonologists (Elf:3)
  2 deep elf annihilators (Elf:3)
  A yaktaur captain (Vaults:4)
  An ogre mage (Vaults:1)
  4 vault guards
  A centaur warrior (Vaults:1)
  4 deep trolls (Vaults:4)
  4 deep elf archers
  An ironbrand convoker (Vaults:1)
  3 deep elf magi
  A wolf spider (Vaults:1)
  A vault sentinel (Vaults:1)
  A centaur zombie (D:13)
  A freezing wraith (Vaults:1)
  2 yaktaurs (Vaults:4)
  A naga (Snake:4)
  A floating eye (shapeshifter) (Vaults:1)
  An orc warrior (Orc:1)
  An ogre (Vaults:4)
  An orc wizard (Orc:1)
  4 orcs
  2 crawling corpses (Elf:3)
49 creatures vanquished.

Vanquished Creatures (others)
  A two-headed ogre (Vaults:4)
  2 deep elf knights
  A swamp dragon (Swamp:4)
  A tyrant leech (Swamp:4)
  A jelly (Abyss:3)
  A white imp (Abyss:3)
  4 bushes
  80 fungi
  134 plants
  A starspawn tentacle (Abyss:3)
226 creatures vanquished.

Grand Total: 1979 creatures vanquished

Notes
Turn   | Place    | Note
-------+----------+-------------------------------------------
     0 | D:5      | miscthings the Kobold Delver began the quest for the Orb.
     0 | D:5      | Reached XP level 1. HP: 14/14 MP: 1/1
   127 | D:4      | Noticed a worker ant
   139 | D:4      | Noticed a worker ant
   162 | D:4      | Reached XP level 2. HP: 19/19 MP: 2/2
   247 | D:4      | Reached XP level 3. HP: 21/23 MP: 3/3
   281 | D:4      | Reached skill level 5 in Short Blades
   281 | D:4      | Reached XP level 4. HP: 13/28 MP: 4/4
   751 | D:4      | Noticed Robin
   779 | D:4      | Killed Robin
   979 | D:4      | Noticed Duvessa
   981 | D:4      | Killed Duvessa
   981 | D:4      | Reached XP level 5. HP: 29/32 MP: 5/5
  1008 | D:3      | Found an iron altar of Okawaru.
  1094 | D:3      | Reached XP level 6. HP: 37/37 MP: 6/6
  1988 | D:2      | Found a sacrificial altar of Ru.
  3233 | D:3      | Noticed Natasha
  3238 | D:3      | Killed Natasha
  3238 | D:3      | Reached skill level 1 in Throwing
  3238 | D:3      | Reached skill level 7 in Stealth
  3238 | D:3      | Reached skill level 1 in Evocations
  3409 | D:3      | You fall into a shaft and drop 3 floors!
  3540 | D:6      | Reached XP level 7. HP: 42/42 MP: 7/7
  4307 | D:4      | Found a shimmering altar of Xom.
  4307 | D:4      | Found a white marble altar of Elyvilon.
  4906 | D:5      | Reached XP level 8. HP: 48/48 MP: 8/8
  4921 | D:5      | Found a staircase to the Ecumenical Temple.
  4927 | Temple   | Entered the Ecumenical Temple
  5025 | Temple   | Became a worshipper of Dithmenos the Shadowed
  5052 | D:5      | Got a smouldering war axe
  5053 | D:5      | Identified the +6 war axe of Toatroda {drain, rPois Str+4}
                  | (You found it on level 5 of the Dungeon)
  5136 | D:5      | Found a glowing golden altar of the Shining One.
  5256 | D:5      | Reached skill level 1 in Axes
  5780 | D:5      | Reached skill level 8 in Stealth
  5785 | D:5      | Found a blossoming altar of Fedhas.
  6155 | D:6      | Reached XP level 9. HP: 44/53 MP: 9/9
  6465 | D:7      | Reached skill level 5 in Fighting
  6478 | D:7      | Reached skill level 5 in Throwing
  6559 | D:7      | Reached * piety under Dithmenos
  6608 | D:7      | Noticed Maggie
  6618 | D:7      | Killed Maggie
  6618 | D:7      | Reached skill level 5 in Dodging
  6675 | D:6      | Noticed a rust devil
  6675 | D:6      | Noticed a rust devil
  6788 | D:7      | Killed a rust devil
  6788 | D:7      | Reached skill level 9 in Stealth
  6962 | D:7      | Found Ymouzxok's Weapon Shop.
  6967 | D:7      | Bought a +1 dagger of holy wrath for 116 gold pieces
  7404 | D:8      | Reached skill level 10 in Short Blades
  7487 | D:8      | Reached XP level 10. HP: 59/59 MP: 10/10
  7583 | D:8      | Reached skill level 5 in Evocations
  7651 | D:8      | Found a glowing silver altar of Zin.
  7917 | D:8      | Found a staircase to the Lair.
  7963 | D:8      | Reached ** piety under Dithmenos
  8058 | D:8      | Identified the +1 flail of Crystal {vorpal, rElec Stlth+}
  8142 | D:8      | Reached skill level 10 in Stealth
  8916 | D:9      | Found an opulent altar of Gozag.
  9148 | D:9      | Got a steaming hand axe
  9149 | D:9      | Identified the +0 hand axe "Ginun" {drain, rElec rPois
                  | Str+5} (You found it on level 9 of the Dungeon)
  9169 | D:9      | Reached XP level 11. HP: 66/66 MP: 11/11
  9248 | D:9      | Reached skill level 1 in Invocations
 10023 | D:9      | Reached *** piety under Dithmenos
 10365 | D:10     | Entered Level 10 of the Dungeon
 10404 | D:9      | Reached skill level 11 in Stealth
 10843 | D:10     | Found a staircase to the Orcish Mines.
 10954 | D:10     | Reached **** piety under Dithmenos
 11052 | D:10     | Found a radiant altar of Vehumet.
 11301 | D:10     | Noticed a two-headed ogre
 11304 | D:10     | Killed a two-headed ogre
 11523 | Lair:1   | Entered Level 1 of the Lair of Beasts
 12061 | Lair:1   | Reached XP level 12. HP: 74/74 MP: 15/15
 12162 | Lair:1   | Noticed Gastronok
 12175 | Lair:1   | Killed Gastronok
 12175 | Lair:1   | Reached skill level 12 in Stealth
 12175 | Lair:1   | Reached skill level 5 in Invocations
 12511 | Lair:2   | Noticed an eight-headed hydra
 12515 | Lair:2   | Killed an eight-headed hydra
 12539 | Lair:2   | Noticed Harold
 12560 | Lair:2   | Killed Harold
 13087 | Lair:3   | You fall into a shaft and drop 3 floors!
 13087 | Lair:6   | Entered Level 6 of the Lair of Beasts
 13160 | Lair:6   | Noticed a catoblepas
 13178 | Lair:6   | Killed a catoblepas
 13327 | Lair:6   | Found a staircase to the Slime Pits.
 13543 | Lair:6   | Reached XP level 13. HP: 69/79 MP: 17/17
 13565 | Lair:6   | Reached skill level 10 in Dodging
 13584 | Lair:6   | Reached ***** piety under Dithmenos
 13584 | Lair:6   | Reached skill level 13 in Stealth
 13615 | Lair:6   | Reached skill level 5 in Crossbows
 13638 | Lair:6   | Noticed a fire dragon
 13647 | Lair:6   | Noticed a five-headed hydra
 13880 | Lair:6   | Reached skill level 10 in Evocations
 13909 | Lair:6   | Reached skill level 10 in Fighting
 14015 | Lair:6   | Killed a five-headed hydra
 14513 | Lair:5   | Noticed an eight-headed hydra
 14517 | Lair:5   | Killed an eight-headed hydra
 14535 | Lair:5   | Got a smoking whip
 14536 | Lair:5   | Identified the +9 whip "Vogasust" {vorpal, rN+ Str+3
                  | Stlth-} (You found it on level 5 of the Lair of Beasts)
 14614 | Lair:6   | Reached skill level 14 in Stealth
 14614 | Lair:6   | Reached XP level 14. HP: 36/88 MP: 18/20
 14853 | Lair:4   | Noticed Snorg
 14854 | Lair:4   | Killed Snorg
 15224 | Lair:4   | Noticed Rupert
 15564 | Lair:4   | Reached ****** piety under Dithmenos
 15721 | Lair:3   | Found a staircase to the Snake Pit.
 15969 | Lair:3   | Found a staircase to the Swamp.
 16735 | Lair:4   | Reached skill level 15 in Stealth
 17159 | Lair:4   | Got a warped arbalest
 17160 | Lair:4   | Identified the +4 arbalest of the Fray {elec, rC+} (You
                  | found it on level 4 of the Lair of Beasts)
 17504 | Lair:4   | Reached XP level 15. HP: 91/95 MP: 21/21
 17854 | Lair:5   | Reached skill level 10 in Crossbows
 18213 | Lair:5   | Found a glowing silver altar of Zin.
 18512 | Lair:4   | Paralysed by Rupert for 3 turns
 18520 | Lair:4   | Killed Rupert
 19420 | Lair:6   | Identified a scroll of acquirement
 19422 | Lair:6   | Acquired 873 gold pieces
 20269 | D:11     | Gained mutation: Potions are less effective at restoring
                  | your health. [potion of mutation]
 20269 | D:11     | Gained mutation: You possess an exceptional clarity of
                  | mind. [potion of mutation]
 20272 | D:11     | Lost mutation: You possess an exceptional clarity of mind.
                  | [potion of mutation]
 20272 | D:11     | Lost mutation: Potions are less effective at restoring your
                  | health. [potion of mutation]
 20272 | D:11     | Gained mutation: You are partially covered in rugged brown
                  | scales. (AC +1, +3% HP) [potion of mutation]
 20272 | D:11     | Gained mutation: Your body sometimes deteriorates upon
                  | taking damage. [potion of mutation]
 20272 | D:11     | Gained mutation: You are covered in fur. (AC +1) [potion of
                  | mutation]
 22015 | Orc:1    | Entered Level 1 of the Orcish Mines
 22258 | Orc:1    | Reached skill level 15 in Crossbows
 22385 | Orc:1    | Reached XP level 16. HP: 103/103 MP: 22/22
 22532 | Orc:1    | You fall into a shaft and drop 1 floor!
 22532 | Orc:2    | Entered Level 2 of the Orcish Mines
 23145 | Orc:2    | Found Xunybb's Weapon Boutique.
 23146 | Orc:2    | Found Koah's Magic Scroll Shop.
 23147 | Orc:2    | Found Polufuam's Weapon Shop.
 23171 | Orc:2    | Found Neunkah's Jewellery Boutique.
 23173 | Orc:2    | Bought 5 atropa-tipped darts for 30 gold pieces
 23177 | Orc:2    | Bought a +4 ring of slaying for 1248 gold pieces
 23183 | Orc:2    | Bought a scroll of teleportation for 45 gold pieces
 23183 | Orc:2    | Bought a scroll of teleportation for 45 gold pieces
 23183 | Orc:2    | Bought a scroll of magic mapping for 52 gold pieces
 23183 | Orc:2    | Bought a scroll of enchant armour for 112 gold pieces
 23183 | Orc:2    | Bought a scroll of enchant armour for 112 gold pieces
 23183 | Orc:2    | Bought a scroll of vulnerability for 112 gold pieces
 23352 | Orc:2    | Found a staircase to the Elven Halls.
 23837 | Orc:2    | Found a roughly hewn altar of Beogh.
 24018 | D:7      | Bought 19 bolts for 41 gold pieces
 24531 | D:13     | Noticed Jorgrun
 24617 | D:13     | Identified the cursed +2 dagger of the End {vorpal, *Drain
                  | +Blink MR+++ SInv}
 24784 | D:13     | Killed Jorgrun
 25726 | D:14     | Found a gate to the Vaults.
 26375 | D:14     | Found a glowing silver altar of Zin.
 26418 | D:15     | Entered Level 15 of the Dungeon
 26704 | D:15     | Found a staircase to the Depths.
 26704 | D:15     | Noticed a fire giant
 26708 | D:15     | Killed a fire giant
 26708 | D:15     | Reached XP level 17. HP: 109/109 MP: 24/24
 27356 | D:15     | Reached skill level 10 in Invocations
 27956 | Swamp:1  | Entered Level 1 of the Swamp
 28505 | Swamp:4  | Entered Level 4 of the Swamp
 28536 | Swamp:4  | Reached skill level 16 in Stealth
 30326 | Swamp:4  | Noticed the 27-headed Lernaean hydra
 30338 | Swamp:4  | Killed the 27-headed Lernaean hydra
 30338 | Swamp:4  | Reached XP level 18. HP: 40/116 MP: 26/26
 30369 | Swamp:4  | Got a decaying rune of Zot
 30436 | Snake:1  | Entered Level 1 of the Snake Pit
 30499 | Snake:1  | Noticed Frances
 30512 | Snake:1  | Killed Frances
 31470 | Snake:2  | Reached skill level 17 in Stealth
 31529 | Snake:2  | Noticed Louise
 31531 | Snake:2  | Killed Louise
 31533 | Snake:2  | Found a glowing silver altar of Zin.
 31561 | Snake:2  | Found Luahec's Antique Armour Shop.
 31564 | Snake:2  | Found Gaad's Book Shop.
 31564 | Snake:2  | Found Fythritz's Armour Boutique.
 31567 | Snake:2  | Found Faofu's Magic Scroll Boutique.
 31578 | Snake:2  | Bought a scroll of teleportation for 39 gold pieces
 31584 | Snake:2  | Bought a spiked leather armour for 280 gold pieces
 31594 | Snake:2  | Identified the +0 leather armour of Kindness {Str+4 Int+4
                  | Stlth+} (You bought it in a shop on level 2 of the Snake
                  | Pit)
 31594 | Snake:2  | Bought a steaming ring mail for 360 gold pieces
 31604 | Snake:2  | Identified the +0 ring mail of Furara {+Inv rF+} (You
                  | bought it in a shop on level 2 of the Snake Pit)
 32617 | Snake:3  | Found Parace's Antique Armour Shop.
 32627 | Snake:3  | Bought a glimmering ring mail for 252 gold pieces
 32637 | Snake:3  | Identified the +1 ring mail "Lyssacew" {rF++ rC++ Str+2}
                  | (You bought it in a shop on level 3 of the Snake Pit)
 33216 | Snake:3  | Found Votetz's Magic Scroll Shoppe.
 33223 | Snake:3  | Reached XP level 19. HP: 123/123 MP: 28/28
 33224 | Snake:3  | Bought a scroll of teleportation for 42 gold pieces
 33224 | Snake:3  | Bought a scroll of teleportation for 42 gold pieces
 33343 | Snake:3  | Found Qagulyar's Antique Weapon Shoppe.
 33383 | Snake:3  | Found Kilink's Distillery.
 33656 | Snake:3  | Noticed Donald
 33658 | Snake:3  | Killed Donald
 33690 | Snake:4  | Entered Level 4 of the Snake Pit
 34672 | Snake:4  | Found Tuegoc's Distillery.
 34684 | Snake:4  | Found Emoepher's Jewellery Emporium.
 34686 | Snake:4  | Found Hukiutik's Weapon Shoppe.
 34687 | Snake:4  | Bought a potion of heal wounds for 85 gold pieces
 34796 | Snake:4  | Found a runed translucent door.
 34796 | Snake:4  | Noticed Zonian's ghost (adept HOFi)
 34815 | Snake:4  | Killed Zonian's ghost
 35239 | Snake:4  | Reached skill level 1 in Armour
 35380 | Snake:4  | Bought the +7 dagger "Anwakal" {vorpal, rC+} for 728 gold
                  | pieces
 35624 | Snake:4  | Reached skill level 18 in Stealth
 36397 | Snake:4  | Reached skill level 15 in Dodging
 36650 | Snake:4  | Got a serpentine rune of Zot
 36912 | Elf:1    | Entered Level 1 of the Elven Halls
 36995 | Elf:1    | Reached skill level 15 in Evocations
 37065 | Elf:1    | Reached XP level 20. HP: 130/130 MP: 29/29
 37832 | Elf:1    | Learned a level 3 spell: Portal Projectile
 37915 | Elf:1    | Identified Uxaej's Handbook of Attacks
 38144 | Elf:2    | Found Orepif's Magic Scroll Emporium.
 38149 | Elf:2    | Bought a scroll of teleportation for 45 gold pieces
 38306 | Elf:2    | Reached skill level 1 in Translocations
 38330 | Elf:2    | Reached skill level 1 in Spellcasting
 38390 | Elf:2    | Reached skill level 5 in Armour
 38411 | Elf:2    | Reached skill level 1 in Hexes
 38442 | Elf:2    | Found a huge runed translucent gate.
 38442 | Elf:2    | Found a huge runed translucent gate.
 38463 | Elf:2    | Found a huge runed translucent gate.
 38463 | Elf:2    | Found a huge runed translucent gate.
 38469 | Elf:2    | Found a huge runed translucent gate.
 38579 | Elf:2    | Found a runed translucent door.
 39389 | Elf:3    | Entered Level 3 of the Elven Halls
 39822 | Elf:3    | Found Jystrewn's Assorted Antiques.
 39825 | Elf:3    | Bought a scroll labeled JOACZUOROC for 28 gold pieces
 39825 | Elf:3    | Bought a wand of paralysis (9) for 56 gold pieces
 40134 | Elf:3    | Identified the cursed +1 glaive of Ceryc {holy, +Inv rN+
                  | MR+}
 40238 | Elf:3    | Reached XP level 21. HP: 135/135 MP: 25/30
 40256 | Elf:3    | Noticed Asterion
 40319 | Elf:3    | Cast into level 3 of the Abyss (a deep elf demonologist)
 40610 | Abyss:3  | Reached skill level 19 in Stealth
 41143 | Abyss:3  | Got an abyssal rune of Zot
 41458 | Elf:3    | Escaped the Abyss
 41470 | Elf:3    | HP: 5/136 [deep elf blademaster/+0 rapier (14)]
 41681 | Elf:3    | Killed Asterion
 41762 | Elf:3    | Reached skill level 15 in Fighting
 41800 | Elf:3    | Identified the +3 leather armour "Saxut" {*Slow rElec
                  | Regen+ Str+6}
 41845 | Elf:3    | Identified the +8 hand crossbow of Extremism {freeze, Str+4
                  | Dex+2} (You found it on level 3 of the Elven Halls)
 41890 | Elf:3    | Got a pair of encrusted gloves
 41896 | Elf:3    | Identified the cursed +0 pair of gloves of Uraus {*Contam
                  | rElec rC++ Regen+} (You found it on level 3 of the Elven
                  | Halls)
 42082 | Elf:3    | Identified the +1 robe "Vafim" {-Tele rElec Str+5} (You
                  | found it on level 3 of the Elven Halls)
 42254 | Elf:3    | Reached skill level 1 in Shields
 42927 | Vaults:1 | Entered Level 1 of the Vaults
 42956 | Vaults:1 | Found a shimmering altar of Xom.
 43138 | Vaults:1 | Reached skill level 5 in Shields
 43537 | Vaults:1 | Reached XP level 22. HP: 119/144 MP: 32/32
 43690 | Vaults:1 | Reached skill level 5 in Hexes
 44414 | Vaults:1 | Reached skill level 5 in Translocations
 44553 | Vaults:1 | Reached skill level 5 in Spellcasting
 45886 | Vaults:2 | Cast into level 2 of the Abyss (a wizard)
 46257 | Vaults:2 | Escaped the Abyss
 46309 | Vaults:2 | Found Xiaheor's Magic Scroll Boutique.
 46314 | Vaults:2 | Bought a scroll of summoning for 95 gold pieces
 46314 | Vaults:2 | Bought a scroll of acquirement for 520 gold pieces
 46314 | Vaults:2 | Acquired 1175 gold pieces
 46839 | Vaults:3 | Found a staircase to the Crypt.
 46852 | Vaults:3 | Reached XP level 23. HP: 149/149 MP: 33/33
 47217 | Vaults:3 | Found the +8 glaive of the Guard {elec, +Rage AC+5 SInv}
 47265 | Vaults:3 | Reached skill level 20 in Stealth
 47634 | Vaults:3 | Reached skill level 10 in Shields
 48866 | Vaults:4 | Learned a level 5 spell: Borgnjor's Vile Clutch
 48972 | Vaults:4 | Found Gefak's Antique Armour Boutique.
 49226 | Vaults:4 | Reached XP level 24. HP: 156/156 MP: 35/35
 49229 | Vaults:4 | Noticed Jory
 49254 | Vaults:4 | Mangled by Jory

Illustrated notes

Levels and vault maps discovered:
D:1:      dpeg_arrival_concentric_ovals, layout_loops_ring,
          hangedman_decor_points, minmay_misc_feat_plants,
          chequers_serial_rivers_micro_e, minmay_pentomino_v2
D:2:      layout_basic, nicolae_ru_great_annihilating_truth,
          nicolae_overflow_hidden_temple, solitary_fountain
D:3:      layout_basic, okawaru_trees_1, uniq_natasha
D:4:      layout_basic, kennysheep_little_box, lemuel_crystal_altar, uniq_robin,
          uniq_duvessa
D:5:      layout_loops_ring, lemuel_crystal_altar,
          nicolae_tso_swordbearing_angel, minmay_temple_entry_junction
D:6:      cheibrodos_iron_armory, layout_layer_cave
D:7:      layout_loops_ring, serial_shops, shop, uniq_maggie
D:8:      layout_loops_ring, zin_academy, lair_entry_dummy,
          kennysheep_generic_room_9
D:9:      layout_grid_maze, grunt_gozag_breadcrumbs
D:10:     layout_basic, kennysheep_orc_monster_closet_entryway, basic_altar,
          item_on_display_a
D:11:     layout_layer_cave
D:12:     layout_roguey
D:13:     layout_rooms, nicolae_looking_at_the_future, uniq_jorgrun
D:14:     layout_loops_corners, grunt_vaults_entry_tiered,
          chequers_serial_rivers_micro_a, basic_altar
D:15:     grunt_enter_depths_giant_problem, layout_stronghold,
          palyth_stone_intersect
Temple:   kb_corrupted_temple
Lair:1:   layout_hall_layers, uniq_gastronok
Lair:2:   layout_long_grid, minivault_23, uniq_harold
Lair:3:   layout_roguey, minmay_swamp_entry_wisps, dummy_snake_entry,
          dpeg_stationary_puzzle
Lair:4:   layout_layer_cave, grunt_forest_small_clearings, beast_lair_carwin_8,
          serial_bayou_shore_a, grunt_megastairs_5, uniq_rupert, uniq_snorg
Lair:5:   statuecave_lemuel, layout_misc_corridors, basic_altar,
          grunt_megastairs_3, uniq_sonja
Lair:6:   guppyfry_lair_end_dragon, layout_misc_corridors,
          hangedman_lair_tendril_chambers, minmay_slime_entry_jelly_boxes
Swamp:1:  layout_basic_swamp, basic_altar
Swamp:2:  layout_basic_swamp, evilmike_swamp_ruin_house_6, swamp_pool1,
          uniq_aizul
Swamp:3:  layout_basic_swamp, evilmike_swamp_ruin_house_5
Swamp:4:  swamp_old_school, layout_basic_swamp, swamp_pool4
Snake:1:  layout_rooms, serial_bayou_ford_a, st_stairs_13, uniq_frances
Snake:2:  layout_rooms, basic_altar, minmay_shoptagon, uniq_louise
Snake:3:  layout_chambers, serial_shops, nicolae_shop_waterfront,
          nicolae_shop_trees, shop_fountains, nicolae_shop_waterfront,
          uniq_donald
Snake:4:  grunt_snake_rune_serpentine_throne, layout_chambers,
          gammafunk_ghost_grave, minmay_shop_star
Orc:1:    layout_diamond_mine
Orc:2:    st_orc_mages, layout_diamond_mine, mines2_david
Elf:1:    eino_elf_arrival_sip, layout_loops_cross, minmay_elf_annihilation
Elf:2:    layout_geoelf_diagonals, serial_shops, shop, minivault_13
Elf:3:    minmay_elf_hall_hex, layout_geoelf_grid, serial_shops, shop,
          uniq_asterion
Vaults:1: hangedman_vaults_stretched_pinwheel, hangedman_vaults_river_flow,
          v_alt_pattern_3, vaults_mumra_hex, vaults_room_corners, st_eye,
          vaults_dpeg_diagonal, vaults_room_fancy_cross, hangedman_vaults_pinch,
          ontoclasm_vaults_tryst, ontoclasm_vaults_spin,
          nicolae_vaults_specimen_jars, v_misc_24, ontoclasm_vaults_bender,
          v_misc_24, v_misc_24, ontoclasm_vaults_chip,
          layout_vaults_maze_snakey, basic_altar
Vaults:2: vaults_room_pools, v_alt_pattern_4, vaults_mumra_minichess_inversion,
          nicolae_vaults_display_case, nicolae_vaults_little_squares_4,
          v_misc_3, v_misc_9, nicolae_vaults_little_squares_5,
          layout_vaults_ring, serial_shops, shop
Vaults:3: vaults_room_fours, minmay_guarded_unrand_guard_vaults, v_misc_14,
          nicolae_vaults_network_quinsquares
          [nicolae_vaults_network_quincunx_subvault,
          nicolae_vaults_network_quincunx_subvault,
          nicolae_vaults_network_quincunx_subvault,
          nicolae_vaults_network_quincunx_subvault], vaults_mumra_hexcomb,
          v_pattern_3, hangedman_vaults_slither, v_rooms_6, v_misc_19,
          v_misc_19, ontoclasm_vaults_hangar, nicolae_vaults_asterisk,
          layout_vaults_big_room, dummy_crypt_entry
Vaults:4: v_misc_32, hangedman_vaults_stretched_pinwheel,
          nicolae_vaults_windows_and_doors_thing, hangedman_vaults_nails,
          hangedman_vaults_slice, v_misc_14, nicolae_vaults_what_the_h,
          v_misc_2, nicolae_vaults_quadrants, vaults_room_semicircle,
          nicolae_vaults_ring_of_whatevers, grunt_vaults_hallway_short,
          layout_vaults_big_cross, basic_altar, serial_shops,
          nicolae_shop_overgrown_old_shop, uniq_jory

Skill      XL: |  1  2  3  4  5  6  7  8  9 10 11 12 13 14 15 16 17 18 19 20 21 22 23 |
---------------+----------------------------------------------------------------------+-----
Short Blades   | 3 4 5 7 8 10 11 12 | 12.0
Throwing       | 1 3 4 5 |  5.0
Stealth        | 7 8 9 10 11 12 14 15 16 17 18 19 20 | 20.6
Evocations     | 1 2 3 4 6 8 9 10 11 12 13 14 15 | 15.0
Dodging        | 3 4 5 7 8 9 11 12 13 14 15 16 17 | 17.3
Fighting       | 4 6 7 8 9 10 11 12 13 14 15 16 | 16.2
Axes           | 2 |  2.1
Invocations    | 4 6 8 9 10 12 13 14 | 14.0
Crossbows      | 4 6 9 15 18 | 18.5
Armour         | 4 6 7 |  7.2
Translocations | 3 4 6 7 |  7.9
Spellcasting   | 3 4 6 8 |  8.1
Hexes          | 3 4 6 7 |  7.9
Shields        | 8 9 10 | 10.0
Necromancy     | |  0.8
Earth Magic    | |  0.9

Action                   |  1- 3 |  4- 6 |  7- 9 | 10-12 | 13-15 | 16-18 | 19-21 | 22-24 || total
-------------------------+-------+-------+-------+-------+-------+-------+-------+-------++-------
Melee: Short sword       |    25 |   228 |   245 |   255 |       |       |       |       ||   753
       War axe           |       |       |    56 |       |       |       |       |       ||    56
       Dagger            |       |       |       |   506 |  2071 |  1142 |   580 |   337 ||  4636
       Whip              |       |       |       |       |    43 |       |       |       ||    43
 Fire: Arbalest          |       |       |       |       |    61 |   382 |   651 |       ||  1094
       Hand crossbow     |       |       |       |       |       |       |    90 |   758 ||   848
Throw: Dart              |     7 |    50 |    44 |    52 |    66 |       |     1 |     3 ||   223
 Cast: Portal Projectile |       |       |       |       |       |       |     4 |     4 ||     8
Invok: Shadow Step       |       |       |       |     1 |       |     3 |     3 |     5 ||    12
       Shadow Form       |       |       |       |       |     1 |       |       |       ||     1
Evoke: Wand              |       |       |    13 |     4 |    20 |    18 |     9 |    26 ||    90
       Box of beasts     |       |       |       |       |     3 |     2 |    11 |     7 ||    23
       Condenser vane    |       |       |       |       |       |       |     1 |     2 ||     3
       Lightning rod     |       |       |       |       |       |       |       |     8 ||     8
  Use: Scroll            |     3 |     5 |    10 |     6 |    13 |     7 |    15 |     7 ||    66
       Potion            |       |       |       |       |     9 |     4 |     5 |     4 ||    22
 Stab: Sleeping          |     4 |    34 |    25 |    53 |    70 |   149 |    67 |    72 ||   474
       Distracted        |       |     1 |     2 |     3 |     5 |     7 |     4 |     4 ||    26
       Paralysed         |       |     1 |     3 |       |       |     2 |     1 |     6 ||    13
       Invisible         |       |       |       |       |     4 |       |       |       ||     4
       Confused          |       |       |       |       |       |     2 |       |       ||     2
Armor: Leather armour    |     1 |    36 |    63 |       |       |    12 |       |       ||   112
       Steam dragon scal |       |       |     7 |    18 |       |       |       |       ||    25
       Troll leather arm |       |       |       |    50 |   278 |   163 |       |       ||   491
       Ring mail         |       |       |       |       |       |    18 |   176 |   131 ||   325
Dodge: Dodged            |    28 |   135 |   177 |   467 |  1707 |  1027 |   893 |   631 ||  5065
       Repelled          |       |       |       |       |       |       |    38 |     2 ||    40
Block: Buckler           |       |       |       |       |       |       |    42 |   382 ||   424

Table legend: (Time is in decaauts)
 A = Elapsed time spent in this place.
 B = Non-inter-level travel time spent in this place.
 C = Inter-level travel time spent in this place.
 D = Time resting spent in this place.
 E = Time spent auto-exploring this place.
 F = Levels seen in this place.
 G = Mean time per level.
                   A        B        C        D        E       F      G
               +--------+--------+--------+--------+--------+-----+--------+
         Total |  47046 |  44139 |   2907 |   4530 |  25572 |  41 | 1147.5 |
       Dungeon |  17248 |  15686 |   1562 |   1456 |  10311 |  15 | 1149.9 |
        Temple |    278 |    262 |     16 |    160 |     80 |   1 |  278.0 |
          Lair |   7631 |   7194 |    437 |    354 |   4100 |   6 | 1271.8 |
         Swamp |   2581 |   2427 |    154 |    279 |   1193 |   4 |  645.2 |
     Snake Pit |   6273 |   5949 |    324 |   1258 |   3226 |   4 | 1568.2 |
  Orcish Mines |   1700 |   1611 |     89 |     94 |    819 |   2 |  850.0 |
   Elven Halls |   4248 |   4055 |    193 |    542 |   2218 |   3 | 1416.0 |
        Vaults |   5636 |   5506 |    130 |    131 |   3386 |   4 | 1409.0 |
         Abyss |   1448 |   1448 |      0 |    255 |    237 |   2 |  724.0 |
               +--------+--------+--------+--------+--------+-----+--------+

Top non-repeatable levels by time:
 Snake:4: 2967 daAuts
     D:9: 1990 daAuts
  Lair:6: 1975 daAuts
     D:4: 1921 daAuts
  Lair:4: 1911 daAuts
   Elf:3: 1765 daAuts
Vaults:3: 1735 daAuts
 Snake:3: 1680 daAuts
Vaults:1: 1627 daAuts
    D:11: 1414 daAuts
    D:14: 1390 daAuts
     D:8: 1389 daAuts
    D:15: 1279 daAuts
   Elf:2: 1273 daAuts
Vaults:2: 1269 daAuts
